 Dungeon Crawl Stone Soup version 0.26-a0-1079-g3a4175ecf3 (webtiles) character file.

Game seed: 1385717282895593988

4554 Druziel the Geomancer (level 10, -12/56 HPs)
             Began as a Gargoyle Earth Elementalist on Dec 14, 2020.
             Was a Believer of Vehumet.
             Mangled by an orc warrior
             ... wielding a +0 halberd
              (30 damage)
             ... in a bailey.
             The game lasted 00:21:48 (9786 turns).

Druziel the Geomancer (Gargoyle Earth Elementalist) Turns: 9786, Time: 00:21:48

Health: -12/56     AC: 15    Str: 12    XL:     10   Next: 40%
Magic:  11/37      EV: 12    Int: 19    God:    Vehumet [**....]
Gold:   196        SH:  0    Dex: 10    Spells: 12/21 levels left

rFire    . . .     SeeInvis +   s - +3 dagger (venom)
rCold    . . .     Faith    .   (no shield)
rNeg     + . .     Spirit   .   a - +3 leather armour {Will+}
rPois    ∞         Reflect  .   (no helmet)
rElec    +         Harm     .   (no cloak)
rCorr    .         Rampage  .   m - +0 pair of gloves
Will     +....                  (no boots)
Stlth    ++........             A - amulet of the acrobat
HPRegen  0.18/turn              x - ring of magical power
MPRegen  0.25/turn              k - ring of magical power

@: no status effects
A: slimy green scales 1, see invisible, deformed body, negative energy
resistance 1, electricity resistance, unbreathing, petrification resistance,
miasma immunity, AC +7
a: Renounce Religion


You were in a bailey.
You worshipped Vehumet.
Vehumet was pleased with you.
You visited 2 branches of the dungeon, and saw 9 of its levels.
You also visited: Sewer and Bailey.

You collected 508 gold pieces.
You spent 312 gold pieces at shops.

Inventory:

Hand Weapons
 g - a +1 short sword of venom
 j - a +1 flail
 q - a +0 morningstar
 s - a +3 dagger of venom (weapon)
Missiles
 b - 20 stones (quivered)
Armour
 a - a +3 leather armour of willpower (worn)
 c - a +1 robe
 m - a +0 pair of gloves (worn)
 w - a +2 leather armour of fire resistance
Magical Staves
 B - an uncursed staff of earth {unknown}
Jewellery
 k - a ring of magical power (right hand)
 x - a ring of magical power (left hand)
 A - an amulet of the acrobat (around neck)
Wands
 d - a wand of random effects (19)
 f - a wand of polymorph (11)
 y - a wand of enslavement (2)
Scrolls
 e - 7 scrolls of teleportation
 p - a scroll of fog
 v - a scroll of remove curse
Potions
 h - 2 potions of lignification
 i - a potion of ambrosia
 l - 2 potions of magic
 n - 2 potions of haste
 o - 3 potions of curing
 r - 2 potions of brilliance {unknown}
 t - 5 potions of heal wounds
 u - 2 potions of invisibility
 z - 2 potions of degeneration {unknown}
 C - a potion of berserk rage {unknown}
 D - 2 potions of resistance {unknown}
 E - a potion of experience {unknown}


   Skills:
 + Level 4.0 Fighting
 + Level 5.9 Maces & Flails
 + Level 4.1 Armour
 + Level 3.5 Dodging
 - Level 2.1 Stealth
 + Level 6.3 Spellcasting
 + Level 6.6 Conjurations
 - Level 0.7 Transmutations
 + Level 8.6 Earth Magic
 + Level 3.2 Evocations


You had 12 spell levels left.
You knew the following spells:

 Your Spells              Type           Power        Failure   Level
a - Sandblast             Erth           #####.       1%          1
b - Stone Arrow           Conj/Erth      #####.       1%          3
c - Lee's Rapid Deconstr  Erth           #####.....   11%         5

Your spell library contained the following spells:

 Spells                   Type           Power        Failure   Level
 Static Discharge         Conj/Air       ###.....     11%         3
 Passwall                 Tmut/Erth      ###.....     3%          2
 Petrify                  Tmut/Erth      ###.....     21%         4


Dungeon Overview and Level Annotations

Branches:
Dungeon (8/15)             Temple (1/1) D:5           Sewer (visited)
 Bailey (1/1)
   Lair: D:8-11

Altars:
Ashenzari
Dithmenos
Elyvilon
Fedhas
Gozag
Kikubaaqudgha
Makhleb
Nemelex Xobeh
Okawaru
Ru
Sif Muna
Trog
Uskayaw
Vehumet
Wu Jian
Xom
The Shining One

Shops:
D:6 !

Annotations:
D:4 2 transporters, thewurscht's ghost, novice GrFi


Innate Abilities, Weirdness & Mutations

You are resistant to torment.
Your stone body is resilient. (AC +7)
You are immune to poison.
You resist negative energy. (rN+)
You are resistant to electric shocks. (rElec)
You can survive without breathing.
You are immune to petrification.
You are immune to miasma.
You are partially covered in slimy green scales. (AC +2)
You have supernaturally acute eyesight. (SInv)
Armour fits poorly on your strangely shaped body.


Message History

The stone arrow misses the orc knight.
Casting: Stone Arrow (safe; 1% risk of failure)
Confirm with . or Enter, or press ? or * to list all spells.
Aiming: Stone Arrow (safe; 1% risk of failure)
Press: ? - help, Shift-Dir - straight line, f/p - orc knight
Aim: an orc knight, wielding a +0 trident and wearing a cursed +0 ring mail (heavily wounded, 33% to evade)
The stone arrow hits the orc knight!
The orc knight is severely wounded.
The orc knight closely misses you. The orc warrior barely misses you.
Unknown command.
Casting: Stone Arrow (safe; 1% risk of failure)
Confirm with . or Enter, or press ? or * to list all spells.
Aiming: Stone Arrow (safe; 1% risk of failure)
Press: ? - help, Shift-Dir - straight line, f/p - orc knight
Aim: an orc knight, wielding a +0 trident and wearing a cursed +0 ring mail (severely wounded, 33% to evade)
The stone arrow misses the orc knight.
The orc knight hits you from afar with a +0 trident!
The orc warrior hits you from afar with a +0 halberd!!
Ouch! That really hurt!
You die...

### ####### #########
...#########.....## ##......).
....#.....#.......######.......).
...)).....'...o..)#)...#.......).
..))')....'...o.@))....'.......).
....).....'......)#)...#.......))
....#.....#.......######.........
...#########.....## ##........
### ####### #########


You could see an orc knight and an orc warrior (strong).

Vanquished Creatures
  A two-headed ogre (D:7)
  Sigmund (D:3)
  Eustachio (D:5)
  Menkaure (D:5)
  7 orc warriors
  An ice beast (D:5)
  2 phantoms
  6 centaurs
  Blork the orc (D:5)
  2 bullfrogs
  A scorpion (D:5)
  A water moccasin skeleton (D:6)
  4 killer bees (D:7)
  5 wights (D:6)
  A vampire bat (D:4)
  4 howler monkeys
  A quasit (D:7)
  A bullfrog zombie (D:7)
  3 hounds
  7 orc wizards
  A bullfrog skeleton (D:5)
  4 orc priests
  A gnoll shaman (D:6)
  A centaur skeleton (D:4)
  3 iguanas
  Natasha (twice) (D:3)
  6 worker ants
  2 hound zombies
  A howler monkey skeleton (D:7)
  4 gnolls
  8 adders
  A shadow imp (D:5)
  An ufetubus (D:7)
  2 oozes (D:2)
  3 worms
  A dart slug (D:2)
  3 fire bats (D:4)
  A leopard gecko (D:7)
  54 orcs
  2 spectral bats (D:4)
  6 ball pythons
  3 bat skeletons (D:4)
  A bat zombie (D:4)
  6 giant cockroaches
  5 goblins
  8 hobgoblins
  7 jackals
  3 quokkas
  13 bats
  A bat simulacrum (D:4)
  6 frilled lizards
  A jackal zombie (D:7)
  3 kobolds
  11 rats
226 creatures vanquished.

Vanquished Creatures (collateral kills)
  An orc (Bailey)
1 creature vanquished.

Vanquished Creatures (others)
  An orc (Bailey)
  A plant (D:5)
2 creatures vanquished.

Grand Total: 229 creatures vanquished

Notes
Turn   | Place    | Note
-------+----------+-------------------------------------------
     0 | D:1      | Druziel the Gargoyle Earth Elementalist began the quest for
                  | the Orb.
     0 | D:1      | Reached XP level 1. HP: 10/10 MP: 3/3
   449 | D:1      | Reached skill level 4 in Earth Magic
   449 | D:1      | Reached XP level 2. HP: 12/15 MP: 3/5
  1047 | D:2      | Reached XP level 3. HP: 17/19 MP: 2/7
  1051 | D:2      | Learned a level 3 spell: Stone Arrow
  1386 | D:2      | Reached XP level 4. HP: 24/24 MP: 8/8
  1486 | D:2      | Reached skill level 1 in Conjurations
  1535 | D:2      | Reached skill level 1 in Maces & Flails
  1953 | D:3      | Reached XP level 5. HP: 27/28 MP: 9/9
  1968 | D:3      | Learned a level 5 spell: Lee's Rapid Deconstruction
  2186 | D:3      | Found a glowing drain.
  2189 | D:3      | Reached skill level 5 in Earth Magic
  2196 | Sewer    | Entered a sewer
  2967 | D:3      | Noticed Sigmund
  2981 | D:3      | Killed Sigmund
  2982 | D:3      | Reached XP level 6. HP: 32/32 MP: 2/11
  3071 | D:3      | Noticed Natasha
  3075 | D:3      | Killed Natasha
  3132 | D:3      | Found an ornate altar of the Wu Jian Council.
  3277 | D:3      | Noticed Natasha
  3281 | D:3      | Killed Natasha
  3434 | D:4      | Found a transporter.
  3435 | D:4      | Found a transporter.
  3437 | D:4      | Noticed thewurscht's ghost (novice GrFi)
  3438 | D:4      | Identified the cursed +0 dire flail of Foimama {distort,
                  | rN+}
  3781 | D:4      | Reached XP level 7. HP: 35/36 MP: 12/12
  3873 | D:4      | Reached skill level 6 in Earth Magic
  4292 | D:5      | Entered Level 5 of the Dungeon
  4439 | D:5      | Noticed Menkaure
  4445 | D:5      | Killed Menkaure
  4664 | D:5      | Noticed Eustachio
  4687 | D:5      | Gained mutation: Armour fits poorly on your strangely
                  | shaped body. [potion of mutation]
  4687 | D:5      | Gained mutation: You are partially covered in slimy green
                  | scales. (AC +2) [potion of mutation]
  4687 | D:5      | Gained mutation: You have supernaturally acute eyesight.
                  | (SInv) [potion of mutation]
  4814 | D:5      | Killed Eustachio
  4815 | D:5      | Reached XP level 8. HP: 39/41 MP: 4/15
  5031 | D:5      | Reached skill level 7 in Earth Magic
  5220 | D:5      | Reached skill level 5 in Spellcasting
  5307 | D:5      | Noticed Blork the orc
  5322 | D:5      | Killed Blork the orc
  5512 | D:5      | Found a staircase to the Ecumenical Temple.
  5522 | Temple   | Entered the Ecumenical Temple
  5692 | Temple   | Became a worshipper of Vehumet
  5772 | D:5      | Reached skill level 5 in Conjurations
  6056 | D:6      | Reached skill level 1 in Fighting
  6098 | D:6      | Reached skill level 1 in Armour
  6112 | D:6      | Reached skill level 1 in Evocations
  6127 | D:6      | Reached XP level 9. HP: 16/47 MP: 17/17
  6514 | D:6      | Found an ancient bone altar of Kikubaaqudgha.
  6722 | D:6      | Reached * piety under Vehumet
  6722 | D:6      | Offered knowledge of Magic Dart by Vehumet.
  6772 | D:6      | Reached skill level 5 in Maces & Flails
  7109 | D:6      | Found Seudosoc's Distillery.
  7114 | D:6      | Bought 2 potions of heal wounds for 120 gold pieces
  7114 | D:6      | Bought 2 potions of invisibility for 192 gold pieces
  7433 | D:7      | Reached skill level 8 in Earth Magic
  7860 | D:7      | Noticed a two-headed ogre
  7869 | D:7      | Killed a two-headed ogre
  8179 | D:7      | Found a radiant altar of Vehumet.
  8491 | D:7      | Reached XP level 10. HP: 40/56 MP: 19/19
  9123 | D:8      | Reached ** piety under Vehumet
  9123 | D:8      | Offered knowledge of Freeze by Vehumet.
  9138 | D:8      | Found a flagged portal.
  9187 | Bailey   | Entered a bailey
  9757 | Bailey   | Noticed an orc knight
  9765 | Bailey   | Offered knowledge of Static Discharge by Vehumet.
  9786 | Bailey   | Mangled by an orc warrior

Illustrated notes

Levels and vault maps discovered:
D:1:      dpeg_arrival_simpleton_b, layout_loops_ring
D:2:      layout_loops_ring
D:3:      layout_basic, lemuel_round_altar, portal_sewer_entry_d, uniq_sigmund,
          uniq_natasha
D:4:      layout_cave_pools, gammafunk_ghost_smash, goddamned_bats
D:5:      layout_loops_ring, minmay_temple_entry_overgrown, uniq_eustachio,
          uniq_blork_the_orc, uniq_menkaure
D:6:      minmay_skewed_foursquare, layout_rooms, kiku_gazebo_pond_becter,
          serial_shops, shop_statue
D:7:      layout_basic, serial_corexii_hall, corexii_hall_statues_s,
          corexii_hall_statues_u, lemuel_centaur_altar
D:8:      layout_layer_cave, general_overflow_altar, lemuel_doored_altar,
          serial_shops, shop, enter_bailey_3
Temple:   regret_index_temple_generic_petals
Bailey:   bailey_polearm_5, bailey

Skill      XL: |  1  2  3  4  5  6  7  8  9 10 |
---------------+-------------------------------+-----
Earth Magic    | 4 5 6 7 8 |  8.6
Spellcasting   | 3 4 5 6 |  6.3
Conjurations   | 1 2 3 4 5 6 |  6.6
Maces & Flails | 1 2 4 5 |  5.9
Fighting       | 1 3 4 |  4.0
Armour         | 1 3 4 |  4.1
Dodging        | 2 3 |  3.5
Evocations     | 1 2 3 |  3.2
Stealth        | |  2.1
Transmutations | |  0.7

Action                   |  1- 3 |  4- 6 |  7- 9 | 10-12 || total
-------------------------+-------+-------+-------+-------++-------
Melee: Club              |    46 |    95 |       |       ||   141
       Flail             |       |    44 |    46 |       ||    90
       Rapier            |       |       |   147 |       ||   147
       Short sword       |       |       |    57 |       ||    57
       Dagger            |       |       |   166 |    87 ||   253
 Cast: Sandblast         |    13 |    53 |    79 |     3 ||   148
       Stone Arrow       |       |       |    22 |    19 ||    41
       Lee's Rapid Decon |       |       |     3 |     9 ||    12
Evoke: Wand              |       |       |       |     6 ||     6
  Use: Scroll            |       |     9 |     1 |     2 ||    12
       Potion            |       |       |     8 |       ||     8
 Stab: Sleeping          |     3 |     3 |     9 |       ||    15
       Distracted        |       |       |     2 |       ||     2
Armor: Robe              |    21 |   100 |   281 |       ||   402
       Leather armour    |       |       |    56 |    66 ||   122
Dodge: Dodged            |    39 |   164 |   505 |   133 ||   841

Table legend: (Time is in decaauts)
 A = Elapsed time spent in this place.
 B = Non-inter-level travel time spent in this place.
 C = Inter-level travel time spent in this place.
 D = Time resting spent in this place.
 E = Time spent auto-exploring this place.
 F = Levels seen in this place.
 G = Mean time per level.
                   A        B        C        D        E       F      G
               +--------+--------+--------+--------+--------+-----+--------+
         Total |   9945 |   9757 |    188 |   1624 |   5840 |  11 |  904.1 |
       Dungeon |   8804 |   8656 |    148 |   1231 |   5414 |   8 | 1100.5 |
        Temple |    196 |    156 |     40 |      0 |    155 |   1 |  196.0 |
         Sewer |    345 |    345 |      0 |      0 |    194 |   1 |  345.0 |
        Bailey |    598 |    598 |      0 |    393 |     76 |   1 |  598.0 |
               +--------+--------+--------+--------+--------+-----+--------+

Top non-repeatable levels by time:
     D:7: 1749 daAuts
     D:5: 1582 daAuts
     D:6: 1328 daAuts
     D:3: 1172 daAuts
     D:2: 1127 daAuts
     D:4: 927 daAuts
     D:1: 828 daAuts
  Bailey: 598 daAuts
   Sewer: 345 daAuts
  Temple: 196 daAuts
     D:8: 87 daAuts
